Map: Ultralove

Players

ByuN - Winner!

  • Race: Terran Terran
  • League: Diamond
  • Spawn Location: 7:00

Astrea

  • Race: Protoss Protoss
  • League: Master
  • Spawn Location: 1:00

VOD

Have the link to the VOD?

Description

Time

  • Played on: June 3, 2025, 8:13 p.m.
  • Length: 7:33
Show
View Real Time Build Order
Export as new Build Order

ByuN Terran - Winner!

Build Orders:  

Get SALT Encoding   

  12  0:00  SCV  
  13  0:12  SCV  
  14  0:17  Supply Depot  
  14  0:25  SCV  
  15  0:39  SCV, Barracks  
  15  0:42  Refinery  
  16  0:51  SCV  
  16  0:52  Refinery  
  17  1:03  SCV  
  18  1:15  SCV  
  19  1:26  Reaper  
  19  1:27  Orbital Command  
  20  1:39  Factory  
  20  1:46  Supply Depot  
  20  1:53  SCV  
  21  1:58  Reaper  
  22  2:05  SCV  
  23  2:17  SCV  
  24  2:24  Hellion  
  24  2:25  Command Center  
  24  2:29  SCV  
  27  2:32  Barracks Reactor  
  27  2:41  SCV  
  27  2:42  Supply Depot  
  28  2:47  Factory Tech Lab  
  28  2:53  Starport  
  28  2:54  SCV  
  29  3:06  SCV  
  29  3:10  Cyclone  
  29  3:11  Marine x2  
  35  3:18  SCV  
  34  3:28  Marine  
  34  3:29  Marine  
  34  3:31  SCV, Medivac  
  39  3:44  SCV  
  39  3:46  Marine x2  
  41  3:56  SCV  
  41  3:58  Siege Tank  
  41  3:59  Orbital Command  
  41  4:02  Starport Tech Lab  
  44  4:04  Marine x2  
  44  4:08  SCV  
  47  4:11  Barracks  
  47  4:22  SCV, Marine x2  
  50  4:25  SCV  
  54  4:33  Refinery  
  54  4:36  Supply Depot  
  54  4:39  SCV x2  
  54  4:41  Cyclone  
  54  4:42  Marine x2  
  58  4:51  SCV x2  
  60  4:54  Engineering Bay  
  60  5:00  Marine x2, Barracks  
  60  5:03  SCV x2  
  64  5:10  Supply Depot  
  64  5:15  SCV  
  64  5:18  SCV, Marine  
  64  5:19  Starport Reactor, Marauder, Marine  
  69  5:27  SCV  
  70  5:28  Stimpack  
  70  5:32  SCV, Terran Infantry Weapons Level 1  
  70  5:34  Factory Reactor  
  71  5:36  Supply Depot  
  71  5:39  SCV  
  74  5:43  Marauder  
  74  5:44  Refinery  
  74  5:45  Marine x2  
  77  5:50  SCV  
  77  5:51  SCV  
  78  6:00  Supply Depot  
  78  6:02  Marine  
  78  6:03  Marine  
  82  6:04  Marauder  
  82  6:08  Medivac x2  
  86  6:21  Widow Mine x2, Marine x2  
  86  6:22  Supply Depot  
  86  6:23  Supply Depot, SCV x2  
  93  6:32  Marauder  
  93  6:35  SCV  
  93  6:36  SCV, Marauder  
  93  6:39  Marine x2  
  96  6:46  Command Center, Widow Mine x2  
  100  7:04  Marauder x2, Marine x2  
  100  7:06  Barracks  
  100  7:07  Barracks  
  102  7:11  SCV x2  
Show
View Real Time Build Order
Export as new Build Order

Astrea Protoss 

Build Orders: 1 Gate Expand, Oracle Opening, Phoenix Opening 

Get SALT Encoding   

  12  0:00  Probe  
  13  0:12  Probe  
  14  0:16  Pylon  
  14  0:23  Probe  
  15  0:33  Probe  
  15  0:35  Gateway  
  15  0:41  Probe  
  16  0:47  Assimilator  
  17  0:54  Probe  
  18  1:06  Probe  
  19  1:18  Probe  
  20  1:22  Cybernetics Core  
  20  1:31  Nexus  
  20  1:35  Probe  
  21  1:41  Pylon  
  21  1:46  Assimilator  
  21  1:49  Probe, Adept  
  22  2:01  Probe  
  25  2:05  Shield Battery  
  25  2:09  Warp Gate  
  25  2:10  Adept  
  25  2:13  Probe  
  28  2:25  Probe  
  27  2:37  Probe  
  27  2:39  Adept  
  27  2:43  Probe  
  31  2:50  Probe  
  31  2:54  Stargate  
  31  3:00  Probe  
  31  3:04  Probe  
  33  3:12  Probe  
  34  3:16  Probe  
  33  3:23  Stalker, Probe  
  33  3:26  Oracle  
  36  3:28  Probe  
  36  3:31  Probe  
  37  3:39  Probe  
  37  3:40  Probe  
  42  3:45  Pylon  
  43  3:51  Probe, Twilight Council  
  43  3:52  Probe  
  45  3:55  Phoenix  
  45  4:03  Probe  
  45  4:04  Probe  
  45  4:08  Gateway  
  49  4:10  Assimilator  
  49  4:13  Blink  
  49  4:15  Probe  
  49  4:16  Probe  
  51  4:19  Pylon  
  51  4:23  Stalker  
  51  4:27  Probe  
  51  4:28  Probe  
  52  4:39  Probe  
  52  4:41  Probe  
  54  4:50  Stalker  
  54  4:51  Probe  
  57  4:53  Probe  
  57  4:54  Nexus  
  57  4:58  Pylon  
  58  5:04  Probe  
  58  5:05  Probe  
  60  5:09  Assimilator  
  60  5:14  Pylon  
  60  5:16  Probe  
  60  5:17  Probe  
  62  5:27  Stalker x2  
  62  5:28  Probe  
  64  5:29  Probe  
  64  5:33  Pylon  
  65  5:38  Templar Archives  
  65  5:40  Probe  
  66  5:44  Probe  
  67  5:52  Probe, Pylon  
  67  5:53  Stalker x2  
  67  5:56  Probe  
  73  5:59  Gateway  
  73  6:00  Gateway  
  73  6:04  Probe  
  73  6:07  Probe  
  73  6:08  Probe  
  72  6:16  Probe  
  72  6:17  Stalker x2  
  76  6:19  Probe  
  76  6:21  Probe  
  78  6:28  Probe  
  78  6:31  Probe  
  80  6:35  Gateway x2  
  80  6:36  Forge  
  80  6:51  Stalker x2  
  84  6:57  Shield Battery  
  84  6:59  Shield Battery  
  84  7:01  Pylon  
  84  7:03  Stalker x2  
  70  7:17  Stalker, High Templar  
  70  7:21  Probe  
Tags
 
Add a new tag
Caveats
  • Supply blocks, unpowered buildings, or Contaminate may cause inaccurate times.
  • Supply counts are checked every 10 seconds.